Map: [ESL] Alcyone

Players

Spirit - Winner!

  • Race: Terran Terran
  • Spawn Location: 7:00

Bly

  • Race: Zerg Zerg
  • Spawn Location: 1:00

Event: ESL SC2 Masters 2023 Winter (Regional)

VOD

Have the link to the VOD?

Description

Time

  • Played on: Oct. 28, 2023, 1:08 p.m.
  • Length: 13:59

All games in this series

Show
View Real Time Build Order
Export as new Build Order

Spirit Terran - Winner!

Build Orders: Reaper Expand 

Get SALT Encoding   

  12  0:00  SCV  
  13  0:12  SCV  
  14  0:17  Supply Depot  
  14  0:24  SCV  
  15  0:38  SCV  
  15  0:40  Barracks  
  16  0:44  Refinery  
  16  0:50  SCV  
  17  1:02  SCV  
  18  1:14  SCV  
  19  1:27  Reaper  
  19  1:28  Orbital Command  
  20  1:39  Command Center  
  20  1:52  Supply Depot  
  20  1:55  SCV  
  20  1:59  Marine  
  22  2:07  SCV  
  22  2:08  Factory  
  23  2:19  SCV  
  24  2:23  Marine  
  25  2:30  Bunker  
  25  2:31  SCV  
  26  2:42  Barracks Reactor  
  26  2:43  SCV  
  26  2:55  SCV  
  26  2:57  Hellion  
  29  3:02  Orbital Command  
  29  3:07  SCV  
  29  3:09  Starport  
  30  3:18  Command Center  
  31  3:20  SCV  
  31  3:30  SCV  
  31  3:32  SCV  
  33  3:34  Barracks Tech Lab  
  33  3:35  Refinery  
  33  3:40  Hellion  
  35  3:42  SCV  
  35  3:44  SCV  
  37  3:50  Viking  
  37  3:54  SCV  
  40  3:56  SCV  
  40  4:00  Supply Depot  
  41  4:06  SCV  
  41  4:08  SCV  
  43  4:18  SCV  
  43  4:20  SCV  
  43  4:21  Barracks  
  43  4:22  Factory Reactor  
  43  4:23  Barracks  
  44  4:25  Bunker  
  44  4:26  Stimpack, Marine  
  44  4:30  SCV  
  44  4:31  Starport Reactor, Supply Depot  
  46  4:33  Orbital Command  
  46  4:35  SCV  
  47  4:42  SCV  
  47  4:44  Marine  
  49  4:47  SCV  
  49  4:52  Engineering Bay  
  50  4:54  Supply Depot  
  50  4:55  SCV  
  50  4:56  Refinery  
  50  4:59  SCV  
  52  5:00  Engineering Bay  
  52  5:02  Marine, Refinery  
  52  5:04  SCV  
  54  5:09  SCV  
  54  5:10  Marine  
  56  5:20  Barracks x2, Starport Reactor, Factory Tech Lab  
  57  5:22  Marine x3  
  59  5:28  Missile Turret  
  59  5:29  Missile Turret  
  59  5:32  Missile Turret, Marine  
  59  5:33  Marine  
  60  5:40  Terran Infantry Armor Level 1, Marine x3  
  62  5:46  Siege Tank  
  65  5:50  Marine  
  65  5:51  Marine  
  62  5:58  Marine x3  
  62  6:01  Medivac  
  62  6:03  Medivac  
  67  6:07  Marine  
  67  6:08  Marine  
  67  6:09  Marine x2  
  67  6:10  Marine  
  67  6:11  Supply Depot  
  67  6:13  Combat Shield  
  67  6:15  Marine x2  
  67  6:17  Supply Depot  
  69  6:18  Marine  
  69  6:25  Marine  
  64  6:26  Marine x2  
  64  6:27  Marine x2  
  68  6:33  Marine x2, Medivac x2  
  68  6:36  Supply Depot, Marine  
  75  6:40  Supply Depot  
  75  6:43  Marine  
  75  6:44  Marine  
  75  6:46  Marine  
  74  6:47  Marine x2  
  74  6:51  Marine x2  
  70  6:54  Marine  
  66  7:02  Missile Turret  
  66  7:05  Marine x2  
  66  7:07  Marine  
  70  7:12  Widow Mine  
  70  7:14  Marine  
  70  7:15  Marine x2  
  74  7:23  Marine x2  
  74  7:24  Liberator  
  74  7:29  Marine  
  80  7:32  Marine x2  
  80  7:34  Widow Mine  
  80  7:36  Terran Infantry Weapons Level 1  
  84  7:38  Supply Depot  
  84  7:39  Marine  
  84  7:40  Marine, Supply Depot  
  84  7:41  Marine  
  84  7:42  Marine  
  87  7:46  Marine  
  87  7:50  Marine x2  
  90  7:52  Missile Turret  
  90  7:55  Siege Tank  
  90  7:56  Marine  
  90  7:58  Marine  
  92  7:59  Marine  
  92  8:00  Marine  
  92  8:04  Marine  
  92  8:05  Medivac  
  93  8:08  Marine x2  
  95  8:14  Marine  
  95  8:15  Marine  
  95  8:16  Marine  
  95  8:18  Marine  
  99  8:21  Supply Depot  
  99  8:22  Marine  
  99  8:23  Medivac  
  99  8:24  Supply Depot  
  99  8:26  Marine x2  
  102  8:32  Marine  
  102  8:33  Marine  
  100  8:34  Marine  
  100  8:35  Medivac  
  100  8:36  Supply Depot, Marine  
  100  8:39  Supply Depot  
  100  8:40  Marine  
  105  8:43  Marine x2  
  104  8:50  Marine  
  104  8:51  Marine  
  104  8:52  Marine  
  104  8:54  Marine  
  106  8:58  Marine  
  106  9:01  Marine x2  
  85  9:08  Marine  
  85  9:09  Marine  
  79  9:10  Marine  
  79  9:11  Marine  
  79  9:14  Medivac  
  79  9:15  Orbital Command, Marine  
  79  9:16  Medivac  
  75  9:19  Marine x2  
  71  9:26  Marine  
  71  9:27  Marine  
  71  9:28  Marine  
  71  9:29  Marine  
  73  9:33  Marine  
  73  9:36  SCV x2  
  73  9:37  Marine x2  
  78  9:39  Factory Tech Lab  
  78  9:41  Missile Turret  
  78  9:42  SCV  
  78  9:43  Marine  
  78  9:44  Medivac  
  82  9:46  Bunker  
  82  9:48  SCV x2  
  84  9:54  Armory, SCV  
  84  9:58  Marine x2  
  87  10:00  SCV  
  87  10:01  SCV  
  87  10:03  Marine  
  87  10:06  SCV  
  91  10:09  Siege Tank  
  91  10:10  Marine  
  91  10:11  Missile Turret  
  91  10:12  Marine  
  91  10:13  SCV x2  
  98  10:15  Marine x2, Refinery  
  98  10:16  Marine x2  
  98  10:18  SCV  
  101  10:24  Marine  
  101  10:25  SCV x2  
  101  10:28  Marine  
  102  10:30  SCV  
  102  10:33  Marine  
  102  10:34  Marine x2  
  107  10:41  Siege Tank  
  107  10:42  Marine  
  110  10:46  Barracks Reactor x2, Marine  
  110  10:47  SCV  
  110  10:48  SCV x2  
  113  10:51  Marine x2  
  113  10:52  Marine  
  113  10:55  Supply Depot, Refinery  
  113  10:56  Refinery  
  116  11:00  Marine  
  116  11:03  SCV x2  
  116  11:04  Marine  
  119  11:05  Supply Depot  
  119  11:07  Supply Depot  
  119  11:09  Marine x2  
  119  11:10  Marine  
  123  11:15  SCV  
  123  11:17  Siege Tank  
  123  11:18  Marine  
  127  11:22  Marine  
  127  11:23  Marine x2  
  127  11:24  Marine  
  122  11:27  Marine x2  
  122  11:28  Marine  
  122  11:29  Terran Infantry Weapons Level 2  
  122  11:30  Factory, Marine  
  116  11:36  Marine  
  116  11:39  Marine  
  117  11:41  Marine x2  
  117  11:42  Marine  
  117  11:44  Marine  
  117  11:45  Marine  
  117  11:46  Marine  
  124  11:48  Marine  
  124  11:52  Thor  
  124  11:54  Marine  
  132  11:57  Marine  
  132  11:59  Supply Depot, Marine x2  
  132  12:00  Marine  
  132  12:01  Medivac x2  
  140  12:02  Marine  
  140  12:03  Marine  
  140  12:04  Marine  
  140  12:05  Marine  
  144  12:11  Marine  
  144  12:15  Marine  
  146  12:17  Marine x2  
  146  12:20  Marine x2  
  146  12:21  Marine  
  146  12:22  Marine  
  150  12:23  Marine  
  150  12:29  Marine  
  152  12:33  Marine  
  152  12:34  Marine  
  152  12:35  Siege Tank, Marine  
  158  12:37  Marine  
  158  12:38  Marine x2  
  158  12:39  Marine  
  158  12:41  Marine  
  158  12:44  Command Center  
  163  12:47  Marine  
  163  12:51  Sensor Tower, Marine  
  165  12:52  Supply Depot  
  165  12:53  Marine  
  165  12:57  Marine x3  
  160  13:06  Marine  
  160  13:07  Factory Tech Lab, Marine  
  160  13:12  Marine  
  161  13:13  SCV  
  161  13:14  Marine  
  161  13:16  Marine  
  161  13:17  Marine  
  150  13:22  Marine x2  
  150  13:24  Marine x2  
  147  13:31  Marine x2  
  147  13:32  Marine  
  150  13:38  Marine  
  150  13:40  Marine  
Show
View Real Time Build Order
Export as new Build Order

Bly Zerg 

Build Orders: Hatch First 

Get SALT Encoding   

  12  0:00  Drone  
  13  0:13  Overlord  
  13  0:18  Drone  
  14  0:32  Drone x2  
  16  0:51  Hatchery  
  16  0:54  Drone  
  16  0:59  Drone  
  18  1:04  Drone  
  18  1:18  Spawning Pool  
  17  1:20  Drone  
  17  1:22  Drone  
  19  1:30  Drone  
  20  1:38  Unknown  
  19  1:42  Drone  
  20  1:59  Overlord  
  20  2:04  Queen  
  20  2:05  Queen  
  20  2:06  Zergling x4  
  26  2:15  Extractor  
  25  2:17  Drone  
  25  2:18  Drone  
  27  2:28  Zergling x2, Metabolic Boost  
  28  2:38  Drone x3  
  31  2:46  Lair  
  30  3:00  Overlord  
  30  3:02  Drone x3  
  33  3:07  Drone x2  
  33  3:12  Overlord  
  35  3:26  Drone  
  35  3:27  Drone x5  
  36  3:32  Extractor  
  38  3:36  Roach Warren  
  37  3:42  Queen  
  39  3:50  Spire  
  39  3:52  Zergling x4  
  41  3:55  Zergling x4  
  43  4:03  Overlord  
  43  4:08  Drone x3  
  46  4:19  Overlord  
  46  4:24  Drone x2  
  46  4:25  Drone, Overlord x2  
  49  4:31  Overseer  
  49  5:02  Mutalisk  
  49  5:03  Mutalisk x8  
  49  5:06  Mutalisk  
  69  5:09  Mutalisk  
  71  5:20  Mutalisk  
  73  5:21  Overlord  
  73  5:24  Overlord  
  73  5:26  Overlord  
  73  5:29  Overlord  
  71  5:40  Hatchery  
  71  5:42  Mutalisk  
  70  5:46  Mutalisk  
  70  5:49  Mutalisk  
  74  6:03  Mutalisk x2  
  76  6:07  Zergling x6  
  79  6:12  Zergling x12  
  83  6:30  Overlord  
  83  6:31  Mutalisk x2  
  73  6:56  Mutalisk x3  
  74  7:02  Zergling x4  
  74  7:03  Zergling x8  
  74  7:04  Baneling Nest  
  79  7:17  Mutalisk x2  
  79  7:20  Zerg Flyer Weapons Level 1  
  79  7:21  Drone x7  
  79  7:22  Queen  
  90  7:36  Drone x2  
  90  7:37  Drone x3  
  95  7:47  Mutalisk  
  95  7:48  Mutalisk x2  
  95  7:51  Drone x4  
  103  7:55  Extractor x2  
  103  8:09  Centrifugal Hooks  
  103  8:10  Burrow  
  103  8:17  Baneling x5  
  103  8:18  Zergling x20  
  113  8:27  Hatchery  
  112  8:36  Baneling x7  
  112  8:41  Zergling x2  
  113  8:42  Overlord x2  
  103  8:49  Overlord  
  99  9:01  Mutalisk x2  
  90  9:04  Zergling x18  
  90  9:06  Baneling  
  86  9:18  Zergling x20  
  94  9:30  Mutalisk  
  84  9:31  Zergling x4  
  84  9:33  Baneling x2  
  84  9:37  Zergling x4  
  88  9:52  Baneling x7  
  88  9:54  Zergling x2  
  88  9:55  Zergling x16, Evolution Chamber  
  88  9:57  Evolution Chamber  
  95  10:08  Drone x7  
  100  10:32  Zerg Melee Weapons Level 1, Zerg Ground Armor Level 1  
  100  10:37  Baneling x5  
  100  10:44  Mutalisk  
  100  10:46  Drone x3  
  100  10:47  Drone x8  
  100  10:48  Drone x2  
  115  10:50  Extractor, Baneling x2  
  115  10:51  Extractor  
  115  10:56  Pneumatized Carapace  
  113  10:58  Overseer  
  113  11:01  Drone x3  
  113  11:02  Drone x3  
  119  11:15  Overseer x2  
  115  11:37  Zergling x8  
  119  11:40  Zergling x2  
  119  11:41  Overlord x4  
  119  11:43  Overlord x3  
  119  11:47  Overlord x2  
  115  11:57  Baneling x6  
  114  12:15  Zergling x2  
  115  12:16  Hatchery  
  115  12:20  Mutalisk x7  
  128  12:26  Hatchery  
  122  12:40  Zergling x26  
  131  12:48  Zergling x12  
  129  13:12  Extractor  
  126  13:14  Extractor  
  126  13:18  Zergling x14  
  101  13:30  Baneling x9  
  101  13:31  Baneling x8  
Tags
 
Add a new tag
Caveats
  • Supply blocks, unpowered buildings, or Contaminate may cause inaccurate times.
  • Supply counts are checked every 10 seconds.